 Dungeon Crawl Stone Soup version 0.20-a0-46-g4a4b873 (webtiles) character file.

85 sveltemanboy the Chopper (level 4, 0/51 HPs)
             Began as a Demonspawn Gladiator on Nov 14, 2016.
             Succumbed to an adder's poison
             ... on level 2 of the Dungeon.
             The game lasted 00:04:10 (1603 turns).

sveltemanboy the Chopper (Demonspawn Gladiator)     Turns: 1603, Time: 00:04:11

Health: 0/51       AC: 22    Str: 16    XL:     4   Next: 25%
Magic:  4/4        EV:  2    Int: 15    God:
Gold:   71         SH:  0    Dex: 13    Spells: 0 memorised, 3 levels left

rFire  . . .     SeeInvis .     a - +0 war axe
rCold  . . .     Gourm    .     (armour currently unavailable)
rNeg   + + +     Faith    .     (no shield)
rPois  +         Spirit   .     (helmet currently unavailable)
rElec  .         Reflect  .     (cloak currently unavailable)
rCorr  .         Harm     .     (gloves currently unavailable)
MR     .....     NoTele   +     (boots currently unavailable)
Stlth  +.........               j - amulet of regeneration
                                (no ring)
                                e - ring of wizardry

@: brilliant, lethally poisoned (0 -> -3), tree-form, very slightly
contaminated, hasted, very quick
A: rugged brown scales 2
a: no special abilities


You were on level 2 of the Dungeon.
You were hungry.
You were a tree.
You visited 1 branch of the dungeon, and saw 2 of its levels.

You collected 71 gold pieces.

Inventory:

Hand Weapons
 a - a +0 war axe (weapon)
Missiles
 d - 3 throwing nets (quivered)
 m - 6 tomahawks
Armour
 b - a +0 leather armour (melded)
 c - a +0 helmet (melded)
 o - a +0 pair of boots (melded)
Jewellery
 e - a ring of wizardry (left branch)
 j - an amulet of regeneration (around neck)
Wands
 q - a wand of paralysis (8/24)
Scrolls
 h - 3 scrolls of remove curse
 n - 2 scrolls of identify {unknown}
Potions
 g - a potion of haste
Comestibles
 f - 2 bread rations
 k - a beef jerky
 p - 6 chunks of flesh


   Skills:
 - Level 2.0 Fighting
 * Level 3.9 Axes
 - Level 1.7 Throwing
 + Level 1.9 Armour
 - Level 2.6 Dodging
 + Level 0.6 Evocations


You had 3 spell levels left.
You didn't know any spells.

Dungeon Overview and Level Annotations

Branches:
Dungeon (2/15)

Altars:
Cheibriados

Annotations:
D:2 Jessica


Innate Abilities, Weirdness & Mutations

(You are mostly covered in rugged brown scales. (AC +2, +5% HP))


Message History

There is a lethal amount of poison in your body!
Okay, then.
Put on which piece of jewellery? (? for menu, Esc to quit)
You sense that the amulet cannot attune itself to your injured body.
j - an amulet of regeneration (around neck)
There is a lethal amount of poison in your body!
There is a lethal amount of poison in your body!
There is a lethal amount of poison in your body!
* * * LOW HITPOINT WARNING * * *
You feel sick.
* * * LOW HITPOINT WARNING * * *
You feel sick.
Unknown command.
* * * LOW HITPOINT WARNING * * *
You feel sick.
You are feeling hungry.
* * * LOW HITPOINT WARNING * * *
You feel sick.
Unknown command.
You die...

######...# #.....#.....#
#. . ...+ #......)...># #.
# ..# #..<#...###.# #. #
#......(# #.
#############.#(###.# #.
.....$..........# #.# #)
.##.............###.# #.
.##
#.....†)###.#.†##.#####.
...
......###♣....#...÷.......
... .####.
##.....##.##.#####. ... #.
#......##.##.# #. .. .
#.....###.##.# #. ..
..##.....# #..#.#####.
##### .........#
##.#.##.... ....#
..##..#.## #.#.##)###
###.# #..#.#####...##.#
#.# #...r#.........(#


There were no monsters in sight!

Vanquished Creatures
  3 adders (D:2)
  An ooze (D:1)
  A worm (D:2)
  2 dart slugs (D:2)
  A leopard gecko (D:1)
  5 bats
  2 giant cockroaches (D:2)
  5 goblins
  7 hobgoblins
  5 jackals
  3 frilled lizards (D:1)
  5 kobolds
  6 rats
46 creatures vanquished.

Notes
Turn   | Place    | Note
-------+----------+-------------------------------------------
     0 | D:1      | sveltemanboy the Demonspawn Gladiator began the quest for the Orb.
     0 | D:1      | Reached XP level 1. HP: 16/16 MP: 1/1
   118 | D:1      | Reached skill level 3 in Axes
   154 | D:1      | Gained mutation: You are partially covered in rugged brown scales. (AC +1, +3% HP) [demonic ancestry]
   154 | D:1      | Reached XP level 2. HP: 16/22 MP: 2/2
   444 | D:1      | Reached skill level 1 in Armour
   450 | D:1      | Found a snail-covered altar of Cheibriados.
   855 | D:1      | Gained mutation: You are mostly covered in rugged brown scales. (AC +2, +5% HP) [demonic ancestry]
   855 | D:1      | Reached XP level 3. HP: 21/28 MP: 3/3
  1175 | D:2      | Noticed Jessica
  1534 | D:2      | Reached XP level 4. HP: 33/34 MP: 4/4
  1594 | D:2      | HP: 2/51 [poisoned by an adder]
  1599 | D:2      | HP: 1/51 [poisoned by an adder]
  1603 | D:2      | Succumbed to an adder's poison

Vault maps used:
D:1:      minmay_arrival_three_doors, serial_bayou_pond_c, cheibriados_altar_1
D:2:      kennysheep_generic_room_13, uniq_jessica

Skill      XL: |  1  2 |
---------------+-------+-----
Axes           | 3 |  3.9
Armour         | 1 |  1.9
Fighting       | |  2.0
Throwing       | |  1.7
Dodging        | |  2.6
Evocations     | |  0.6

Action                   |  1- 3 |  4- 6 || total
-------------------------+-------+-------++-------
Melee: War axe           |   107 |    22 ||   129
  Use: Scroll            |     2 |       ||     2
       Potion            |       |     3 ||     3
  Eat: Chunk             |     2 |       ||     2
Armor: Leather armour    |    35 |    11 ||    46
       Skin              |       |     2 ||     2
Dodge: Dodged            |    80 |    16 ||    96
